 Dungeon Crawl Stone Soup version 0.24-a0-653-g3936067ed8 (webtiles) character file.

Game seed: 3932545253401937650, levelgen mode: deterministic

104 Peloso the Skirmisher (level 4, -2/41 HPs)
             Began as a Minotaur Fighter on Sept 27, 2019.
             Slain by Sigmund
             ... wielding a cursed -1 scythe
              (5 damage)
             ... on level 2 of the Dungeon.
             The game lasted 00:02:35 (779 turns).

Peloso the Skirmisher (Minotaur Fighter)             Turns: 779, Time: 00:02:36

Health: -2/41      AC:  8    Str: 25    XL:     4   Next: 52%
Magic:  3/3        EV:  8    Int:  5    God:
Gold:   65         SH:  0    Dex: 11    Spells: 3/3 levels left

rFire    . . .     SeeInvis .   a - +0 long sword
rCold    . . .     Gourm    .   c - +0 shield
rNeg     . . .     Faith    .   b - +0 scale mail
rPois    .         Spirit   .   (helmet restricted)
rElec    .         Reflect  .   g - +0 cloak
rCorr    .         Harm     .   (no gloves)
MR       .....                  (no boots)
Stlth    ..........             (no amulet)
HPRegen  0.13/turn              (no ring)
MPRegen  0.08/turn              (no ring)

@: confused, mighty
A: retaliatory headbutt, horns 2
a: no special abilities


You were on level 2 of the Dungeon.
You were not hungry.

You visited 1 branch of the dungeon, and saw 2 of its levels.

You collected 65 gold pieces.

Inventory:

Hand Weapons
 a - a +0 long sword (weapon)
Armour
 b - a +0 scale mail (worn)
 c - a +0 shield (worn)
 g - a +0 cloak (worn)
Wands
 k - a wand of iceblast (10)
Scrolls
 e - 2 scrolls of identify {unknown}
 i - 2 scrolls of magic mapping {unknown}
 m - a scroll of remove curse {unknown}
Potions
 d - a potion of might
 h - a potion of cancellation {unknown}
 j - a potion of heal wounds {unknown}
 l - a potion of mutation {unknown}
Comestibles
 f - 3 rations


   Skills:
 + Level 4.6 Fighting
 + Level 3.8 Long Blades
 + Level 4.2 Armour
 + Level 0.4 Dodging
 + Level 4.2 Shields


You had 3 spell levels left.
You didn't know any spells.
Your spell library was empty.

Dungeon Overview and Level Annotations

Branches:
Dungeon (2/15)

Altars:
Uskayaw

Annotations:
D:2 Sigmund


Innate Abilities, Weirdness & Mutations

You reflexively headbutt those who attack you in melee.
You have a pair of horns on your head.


Message History

You block something's attack.
You hit the worm.
The worm is heavily wounded.
Something hits you!
* * * LOW HITPOINT WARNING * * *
The worm bites you.
* * * LOW HITPOINT WARNING * * *
You slash the worm!
You kill the worm!
Something hits you but does no damage. You block something's attack.
Items here: ) †††††† You miss something.
You closely miss something. You headbutt something.
Something hits you but does no damage.
You miss something. You headbutt something!
You hear some strange, mumbled words.
You are confused.
You're too confused to move!
Something hits you.
You die...

..............##.
#####......##.#
.......#
#..(#....####.#
..?...#
#..(#.........#
......##
#####...#.....#
.......
......###.....#
#....## .._...#
##....# #.....
.....##
#....####†#'#
######
#......@))..#
#...#####...#
#...# .......#
#... ##.....(.#
###. .^.####'# ##
...# % ...# ....#


There were no monsters in sight!

Vanquished Creatures
  5 adders (D:2)
  A worm (D:2)
  2 leopard geckos
  3 bats (D:1)
  5 giant cockroaches
  2 goblins
  7 hobgoblins
  13 jackals (D:2)
  A quokka (D:2)
  2 frilled lizards (D:2)
  3 kobolds (D:1)
  4 rats
48 creatures vanquished.

Notes
Turn   | Place    | Note
-------+----------+-------------------------------------------
     0 | D:1      | Peloso the Minotaur Fighter began the quest for the Orb.
     0 | D:1      | Reached XP level 1. HP: 19/19 MP: 0/0
   132 | D:1      | Reached XP level 2. HP: 27/27 MP: 1/1
   635 | D:2      | Noticed a +0 dagger
   635 | D:2      | Noticed a +0 hand axe
   639 | D:2      | Found a hide-covered altar of Uskayaw.
   648 | D:2      | Reached XP level 3. HP: 33/33 MP: 2/2
   666 | D:2      | Reached XP level 4. HP: 31/41 MP: 3/3
   753 | D:2      | Noticed Sigmund
   779 | D:2      | Slain by Sigmund

Levels and vault maps discovered:
D:1:      roderic_octagonal_star, layout_basic
D:2:      layout_basic, dancing_weapons_uskayaw, uniq_sigmund,
          uniq_crazy_yiuf_cottage

Skill      XL: |  1  2  3 |
---------------+----------+-----
Fighting       | 4 |  4.6
Armour         | 4 |  4.2
Long Blades    | 3 |  3.8
Shields        | 4 |  4.2
Dodging        | |  0.4

Action                   |  1- 3 |  4- 6 || total
-------------------------+-------+-------++-------
Melee: Long sword        |    69 |    46 ||   115
       Headbutt          |    13 |     5 ||    18
  Use: Potion            |     1 |     1 ||     2
Armor: Scale mail        |    47 |    20 ||    67
Dodge: Dodged            |    22 |    10 ||    32
Block: Shield            |    34 |    22 ||    56
       Rpst.: Long sword |     5 |     2 ||     7

Table legend:
 A = Non-vault XP
 B = Vault XP
 C = Vault XP percentage of total XP
 D = Non-vault monster count
 E = Vault monster count
 F = Vault count percentage of total count
                 A         B        C        D         E       F
            +---------+---------+-------+---------+---------+-------
      Total |     149 |       0 |   0.0 |      48 |       0 |   0.0
            +---------+---------+-------+---------+---------+-------
        D:1 |      29 |       0 |   0.0 |      17 |       0 |   0.0
        D:2 |     120 |       0 |   0.0 |      31 |       0 |   0.0
            +---------+---------+-------+---------+---------+-------
